 Dungeon Crawl Stone Soup version 0.24.0-125-gc4c63601f3 (webtiles) character file.

Game seed: 11304560197699050323, levelgen mode: deterministic

212 Frank2 the Cudgeler (level 5, -11/39 HPs)
             Began as a Demonspawn Gladiator on Mar 7, 2020.
             Was an Initiate of Qazlal.
             Killed by divine providence
             ... invoked by an orc priest
              (13 damage)
             ... on level 4 of the Dungeon.
             The game lasted 00:04:36 (3539 turns).

Frank2 the Cudgeler (Demonspawn Gladiator)          Turns: 3539, Time: 00:04:36

Health: -11/39     AC:  5    Str: 14    XL:     5   Next: 58%
Magic:  5/5        EV: 12    Int:  9    God:    Qazlal [......]
Gold:   216        SH:  0    Dex: 16    Spells: 4/4 levels left

rFire    + . .     SeeInvis .   a - +1 flail
rCold    . . .     Gourm    .   (no shield)
rNeg     . . .     Faith    .   i - +0 ring mail
rPois    .         Spirit   .   (helmet restricted)
rElec    .         Reflect  .   (no cloak)
rCorr    .         Harm     .   (no gloves)
MR       .....                  (no boots)
Stlth    +.........             (no amulet)
HPRegen  0.13/turn              (no ring)
MPRegen  0.09/turn              (no ring)

@: no status effects
A: horns 1, fire resistance 1, flame cloud immunity
a: Renounce Religion


You were on level 4 of the Dungeon.
You worshipped Qazlal.
Qazlal was noncommittal.
You were hungry.

You visited 1 branch of the dungeon, and saw 4 of its levels.

You collected 216 gold pieces.

Inventory:

Hand Weapons
 a - a +1 flail (weapon)
Missiles
 d - 3 throwing nets (quivered)
Armour
 e - a cursed +0 cloak
 i - a +0 ring mail (worn)
Scrolls
 b - a scroll of teleportation
Potions
 c - a potion of cancellation
 g - a potion of degeneration {unknown}
 h - a potion of heal wounds
 j - a potion of curing {unknown}
 k - a potion of might {unknown}
 l - a potion of lignification {unknown}
 m - a potion of flight {unknown}
 n - a potion of ambrosia {unknown}
Comestibles
 f - 7 rations


   Skills:
 + Level 2.7 Fighting
 + Level 4.5 Maces & Flails
 - Level 1.7 Throwing
 + Level 2.2 Armour
 + Level 3.2 Dodging


You had 4 spell levels left.
You didn't know any spells.
Your spell library was empty.

Dungeon Overview and Level Annotations

Branches:
Dungeon (4/15)
 Temple: D:4-7

Altars:
Fedhas
Qazlal
Yredelemnul


Innate Abilities, Weirdness & Mutations

You have a pair of small horns on your head.
Your flesh is heat resistant. (rF+)
You are immune to clouds of flame.


Message History

You are too injured to fight recklessly!
You are too injured to fight recklessly!
You are too injured to fight recklessly!
You are too injured to fight recklessly!
You are too injured to fight recklessly!
You are too injured to fight recklessly!
You are too injured to fight recklessly!
You are too injured to fight recklessly!
You are too injured to fight recklessly!
You are too injured to fight recklessly!
You are too injured to fight recklessly!
The orc barely misses you.
The orc priest invokes the aid of Beogh against you.
Pain shoots through your body!
The orc priest calls down the wrath of Beogh upon you.
Beogh smites you!
* * * LOW HITPOINT WARNING * * *
The orc priest invokes the aid of Beogh against you.
Beogh smites you!
You die...

#..........# ####
#.########.# #... #.....#
#.#####.#. #####.#
#.......#) ##.#########..#.
######## #.......# #..#<
#+#......# #.......####..#)
.......oo###.......##....#.
......).ao@'....>..##.#....
........o###.......##.#####
.........# #.......##......
.......(.# #.......########
...####### ######### ##


You could see a worker ant, an orc priest and 3 orcs.

Vanquished Creatures
  An orc wizard (D:4)
  A worker ant (D:4)
  6 adders (D:2)
  An ooze (D:3)
  2 worms
  2 leopard geckos
  6 orcs (D:4)
  13 bats
  2 giant cockroaches
  13 goblins
  6 hobgoblins
  5 jackals
  8 kobolds
  2 quokkas
  A ball python (D:2)
  9 frilled lizards
  8 rats
  A spectral orc (D:2)
87 creatures vanquished.

Notes
Turn   | Place    | Note
-------+----------+-------------------------------------------
     0 | D:1      | Frank2 the Demonspawn Gladiator began the quest for the
                  | Orb.
     0 | D:1      | Reached XP level 1. HP: 16/16 MP: 1/1
   179 | D:1      | Gained mutation: Your flesh is heat resistant. (rF+)
                  | [demonic ancestry]
   179 | D:1      | Reached XP level 2. HP: 19/22 MP: 2/2
   208 | D:1      | Reached skill level 3 in Maces & Flails
   702 | D:1      | Gained mutation: You have a pair of small horns on your
                  | head. [demonic ancestry]
   702 | D:1      | Reached XP level 3. HP: 18/28 MP: 3/3
  1189 | D:2      | Reached skill level 1 in Armour
  1250 | D:2      | Found a basalt altar of Yredelemnul.
  1293 | D:2      | Gained mutation: You are immune to clouds of flame.
                  | [demonic ancestry]
  1293 | D:2      | Reached XP level 4. HP: 23/34 MP: 4/4
  1300 | D:2      | Noticed a water elemental
  1302 | D:2      | Found a stormy altar of Qazlal.
  1484 | D:2      | Noticed a fire elemental
  1490 | D:2      | Noticed an air elemental
  1490 | D:2      | Noticed an earth elemental
  1847 | D:2      | Became a worshipper of Qazlal Stormbringer
  1950 | D:2      | Found a blossoming altar of Fedhas.
  2043 | D:2      | Reached skill level 4 in Maces & Flails
  2691 | D:3      | Reached XP level 5. HP: 39/39 MP: 5/5
  3539 | D:4      | Killed from afar by an orc priest

Levels and vault maps discovered:
D:1:      psy_arrival_statuary, layout_basic
D:2:      layout_loops_ring, nicolae_qazlal_style_of_elements,
          yredelemnul_forgotten_temple_becter, fedhas_altar_fruit_tree
D:3:      layout_loops_cross, first_ration
D:4:      layout_basic, serial_shops, shop, uniq_duvessa

Skill      XL: |  1  2  3  4  5 |
---------------+----------------+-----
Maces & Flails | 3 4 |  4.5
Dodging        | 3 |  3.2
Armour         | 1 2 |  2.2
Fighting       | |  2.7
Throwing       | |  1.7

Action                   |  1- 3 |  4- 6 || total
-------------------------+-------+-------++-------
Melee: Flail             |   141 |   136 ||   277
       Headbutt          |     7 |    27 ||    34
  Use: Scroll            |     2 |     4 ||     6
       Potion            |       |     1 ||     1
  Eat: Chunk             |     1 |     7 ||     8
Armor: Leather armour    |    22 |       ||    22
       Ring mail         |    43 |    49 ||    92
Dodge: Dodged            |   123 |    94 ||   217
